 Dungeon Crawl Stone Soup version 0.30.0-29-ga12c61a403 (webtiles) character file.

Game seed: 10988272855437940130

700 monsoonserge the Cudgeller (level 7, 0/102 HPs)
             Began as a Troll Berserker on June 9, 2023.
             Was a Believer of Trog.
             Succumbed to a gnoll sergeant's poison
             ... on level 5 of the Dungeon.
             The game lasted 00:08:55 (3385 turns).

monsoonserge the Cudgeller (Troll Berserker)        Turns: 3385, Time: 00:08:56

Health: 0/102      AC:  4    Str: 28    XL:     7   Next: 38%
Magic:  6/6        EV: 10    Int:  3    God:    Trog [**....]
Gold:   212        SH:  0    Dex:  9    Spells: 6/6 levels left

rFire   . . .        k - +1 whip (drain)
rCold   . . .        (no shield)
rNeg    . . .        b - +0 animal skin
rPois   .            (helmet restricted)
rElec   .            (no cloak)
rCorr   .            (gloves unavailable)
SInv    .            (boots unavailable)
Will    ++...        (no amulet) Stlth
                     (no ring)
HPRegen 2.17/turn    (no ring)
MPRegen 0.10/turn

%: no passive effects
@: berserking, lethally poisoned (0 -> -6), strong-willed, regenerating, very
quick
A: large, unfitting armour, claws 3, regeneration 1, shaggy fur 1, tough skin 1
a: Renounce Religion, Berserk, Trog's Hand


You were on level 5 of the Dungeon.
You worshipped Trog.
Trog was pleased with you.
You visited 1 branch of the dungeon, and saw 5 of its levels.

You collected 212 gold pieces.

Inventory:

Hand Weapons
 a - a +0 mace
 d - a +0 flail
 k - a +1 whip of draining (weapon)
Missiles
 j - 4 javelins (quivered)
 q - 5 silver javelins
 w - 12 boomerangs
Armour
 b - a +0 animal skin (worn)
Jewellery
 c - a ring of ice
Wands
 u - a wand of flame (21)
Scrolls
 h - a scroll of immolation {unknown}
 l - 6 scrolls of teleportation {unknown}
 m - 2 scrolls of blinking {unknown}
 o - 4 scrolls of identify {unknown}
 r - 2 scrolls of magic mapping {unknown}
 t - a scroll of enchant weapon {unknown}
 x - a scroll of acquirement {unknown}
 y - a scroll of fear {unknown}
 z - a scroll of summoning {unknown}
 A - a scroll of noise {unknown}
Potions
 e - a potion of lignification {unknown}
 f - 2 potions of cancellation {unknown}
 g - 2 potions of berserk rage {unknown}
 i - a potion of brilliance {unknown}
 n - 2 potions of mutation {unknown}
 p - 2 potions of heal wounds
 s - a potion of haste {unknown}
 v - 2 potions of curing {unknown}
 B - a potion of invisibility {unknown}


   Skills:
 + Level 3.8 Fighting
 + Level 6.0 Maces & Flails
 + Level 4.3 Dodging


You had 6 spell levels left.
You didn't know any spells.
Your spell library was empty.

Dungeon Overview and Level Annotations

Branches:
Dungeon (5/15)
 Temple: D:4-7

Altars:
Gozag
Nemelex Xobeh
Okawaru
Sif Muna
Yredelemnul


Innate Abilities, Weirdness & Mutations

You are too large for most types of armour.
You have claws for hands.
Your natural rate of healing is unusually fast.
You are covered in fur. (AC +1)
You have tough skin. (AC +1)


Message History

You whack the gnoll!
The gnoll is severely wounded.
You feel sick. The gnoll barely misses you.
The gnoll sergeant barely misses you.
You completely miss the gnoll.
The gnoll is severely wounded.
You feel sick.
The gnoll sergeant hits you from afar with a +0 spear of venom!
You are more poisoned.
The gnoll hits you with a +0 club.
You hit the gnoll.
The gnoll is almost dead.
You feel very sick.
You hit the gnoll.
You kill the gnoll!
Trog accepts your kill.
You feel very sick. The gnoll sergeant barely misses you.
Your skin crawls.
You feel strong-willed.
You feel very sick.
The gnoll shouts!
The gnoll sergeant hits you from afar with a +0 spear of venom!
* * * LOW HITPOINT WARNING * * *
You are lethally poisoned!
Okay, then.
Okay, then.
Okay, then.
A red film seems to cover your vision as you go berserk!
You feel yourself moving faster!
You feel mighty!
* * * LOW HITPOINT WARNING * * *
You feel extremely sick. The gnoll sergeant closely misses you.
You feel a strong urge to attack something.
* * * LOW HITPOINT WARNING * * *
You feel very sick. The gnoll barely misses you.
The gnoll sergeant barely misses you.
You see here a +0 club.
You barely miss the gnoll sergeant.
You die...

#.# #..# #.# ###gg# #.#
#)g..# ## #.# #g#.## .## #.#
#.#.# ..## ####.# #.###.#.#
...## ##.##.# #.......#
....####...#.#########...####
....'...........@gggg.......+
....####...#.#########...####
...## ##.##.# #..## ..##
####.# #.## .## #####.# #.#
## #.....# #.# # #.##### #.#
# #.# #.# ########.#


You could see a gnoll sergeant and 3 gnolls.

Vanquished Creatures
  Grinder (D:3)
  Sigmund (D:3)
  2 hounds
  An orc priest (D:5)
  An iguana (D:5)
  2 orc wizards
  A sleepcap (D:4)
  2 gnolls (D:5)
  3 adders
  2 dart slugs (D:2)
  10 orcs
  6 ball pythons
  9 endoplasms
  4 giant cockroaches
  5 goblins
  5 hobgoblins
  7 jackals
  5 kobolds
  5 quokkas
  5 bats
  4 frilled lizards
  7 rats
88 creatures vanquished.

Notes
Turn   | Place    | Note
-------+----------+-------------------------------------------
     0 | D:1      | monsoonserge the Troll Berserker began the quest for the
                  | Orb.
     0 | D:1      | Reached XP level 1. HP: 22/22 MP: 0/0
   158 | D:1      | Reached XP level 2. HP: 19/29 MP: 1/1
   196 | D:1      | Reached skill level 3 in Maces & Flails
   342 | D:1      | Found a faded altar of an unknown god.
   899 | D:1      | Reached XP level 3. HP: 36/36 MP: 2/2
  1009 | D:2      | Reached ** piety under Trog
  1647 | D:3      | Noticed Grinder
  1647 | D:3      | Paralysed by Grinder for 2 turns
  1660 | D:3      | Killed Grinder
  1661 | D:3      | Reached skill level 4 in Maces & Flails
  1661 | D:3      | Reached XP level 4. HP: 21/45 MP: 3/3
  1661 | D:3      | Reached XP level 5. HP: 25/53 MP: 4/4
  1735 | D:3      | Reached XP level 6. HP: 58/61 MP: 5/5
  1991 | D:3      | Found an iron altar of Okawaru.
  1992 | D:3      | Found a sparkling altar of Nemelex Xobeh.
  1992 | D:3      | Found an opulent altar of Gozag.
  2094 | D:3      | Noticed Sigmund
  2128 | D:3      | Killed Sigmund
  2129 | D:3      | Reached skill level 5 in Maces & Flails
  2596 | D:4      | Found a basalt altar of Yredelemnul.
  2604 | D:4      | Found a shimmering blue altar of Sif Muna.
  2666 | D:4      | Reached XP level 7. HP: 67/67 MP: 6/6
  3203 | D:5      | Entered Level 5 of the Dungeon
  3318 | D:5      | Reached skill level 6 in Maces & Flails
  3383 | D:5      | HP: 5/102 [poisoned by a gnoll sergeant]
  3384 | D:5      | HP: 2/102 [poisoned by a gnoll sergeant]
  3385 | D:5      | Succumbed to a gnoll sergeant's poison

Illustrated notes

Levels and vault maps discovered:
D:1:      arrival_zaba_pyramid, layout_basic,
          ebering_ecumenical_altar_sacrificial
D:2:      layout_loops_ring, chequers_decorated_corner,
          chequers_serial_rivers_small_a
D:3:      layout_basic, minitemple, dk_noncrumbling_2,
          kennysheep_generic_room_13, uniq_grinder, uniq_sigmund
D:4:      layout_basic, mainiacjoe_overflow_big_doors
D:5:      layout_loops_corners, lemuel_flame_loot_1

Skill      XL: |  1  2  3  4  5  6  7 |
---------------+----------------------+-----
Maces & Flails | 3 4 5 6 |  6.0
Dodging        | 3 4 |  4.3
Fighting       | 3 |  3.8

Action                     |  1- 3 |  4- 6 |  7- 9 || total
---------------------------+-------+-------+-------++-------
  Melee: Mace              |    66 |       |       ||    66
         Flail             |    75 |       |       ||    75
         Whip              |    30 |    88 |    59 ||   177
         Punch             |     1 |     1 |       ||     2
  Throw: Javelin           |       |       |     1 ||     1
 Invoke: Berserk           |     1 |     1 |     1 ||     3
         Trog's Hand       |       |     2 |     1 ||     3
    Use: Potion            |       |     1 |       ||     1
   Stab: Sleeping          |     1 |       |       ||     1
 Armour: Animal skin       |    70 |    24 |    12 ||   106
  Dodge: Dodged            |    84 |    37 |    22 ||   143
